 Dungeon Crawl Stone Soup version 0.29.1-1-gd02db6906a (webtiles) character file.

Game seed: 10595900385999827558

29 H0rd4k the Insei (level 3, 0/23 HPs)
             Began as an Octopode Transmuter on Oct 18, 2022.
             Slain by a hobgoblin (4 damage)
             ... led by Robin
             ... on level 2 of the Dungeon.
             The game lasted 00:01:07 (936 turns).

H0rd4k the Insei (Octopode Transmuter)               Turns: 936, Time: 00:01:08

Health: 0/23       AC:  1    Str:  9    XL:     3   Next: 16%
Magic:  5/6        EV: 13    Int: 17    God:
Gold:   50         SH:  0    Dex: 12    Spells: 5/6 levels left

rFire   . . .      SeeInvis .     - Unarmed
rCold   . . .      Faith    .   (no shield)
rNeg    . . .      Spirit   .   (helmet currently unavailable)
rPois   .          Reflect  .   (no amulet)
rElec   .          Harm     .   (no ring)
rCorr   .          Rampage  .   (no ring)
Will    .....                   (no ring)
Stlth   ++........              (no ring)
HPRegen 0.07/turn               (no ring)
MPRegen 0.10/turn               (no ring)
                                (no ring)
                                (no ring)

@: appendages (expiring), studying Invocations
A: tentacle spike 3, almost no armour, amphibious, 8 rings, camouflage 1,
gelatinous body 1, (nimble swimmer 1), tentacles
a: End Transformation


You were on level 2 of the Dungeon.
One of your tentacles had grown a beastly spike.
You visited 1 branch of the dungeon, and saw 2 of its levels.

You collected 50 gold pieces.

Inventory:

Scrolls
 b - a scroll of blinking {unknown}
Potions
 a - a potion of lignification
 c - a potion of mutation {unknown}
 d - a potion of degeneration {unknown}
 e - a potion of might {unknown}


   Skills:
 + Level 1.0 Fighting
 + Level 2.2 Dodging
 + Level 0.5 Stealth
 + Level 3.6 Unarmed Combat
 + Level 2.3 Spellcasting
 + Level 2.1 Transmutations


You had 5 spell levels left.
You knew the following spells:

 Your Spells              Type           Power      Damage    Failure   Level
a - Beastly Appendage     Tmut           18%        N/A       8%          1

Your spell library contained the following spells:

 Spells                   Type           Power      Damage    Failure   Level
 Wereblood                Tmut           9%         N/A       12%         2
 Spider Form              Tmut/Pois      5%         N/A       36%         3
 Ozocubu's Armour         Ice            1%         N/A       50%         3
 Ice Form                 Ice/Tmut       5%         N/A       77%         4
 Ozocubu's Refrigeration  Ice            0%         4d7       100%        7


Dungeon Overview and Level Annotations

Branches:
Dungeon (2/15)

Altars:

Shops:
D:1 [   D:2 (


Innate Abilities, Weirdness & Mutations

One of your tentacles has grown a beastly spike.
You cannot wear most types of armour.
You are amphibious.
You can wear up to eight rings at the same time.
Your skin changes colour to match your surroundings (Stealth+).
Your rubbery body absorbs attacks. (AC +1, EV +1)
((You are camouflaged when in or above water. (Stealth+)))
You have tentacles for arms and can constrict up to eight enemies at once.


Message History

Your experience leads to an increase in your attributes!
Increase (S)trength, (I)ntelligence, or (D)exterity?
You feel clever. x2
The goblin hits you with a +0 club.
You miss the goblin. Your grab misses the goblin.
You pierce the goblin.
You kill the goblin!
You tentacle-slap the hobgoblin. You grab the hobgoblin.
The hobgoblin is heavily wounded.
You constrict the hobgoblin. The hobgoblin closely misses you.
You tentacle-slap the hobgoblin.
You kill the hobgoblin!
You tentacle-slap the goblin but do no damage.
Your grab misses the goblin. You squeeze the goblin.
You kill the goblin!
You barely miss the hobgoblin. Your grab misses the hobgoblin.
The hobgoblin hits you.
* * * LOW HITPOINT WARNING * * *
You barely miss the hobgoblin. You grab the hobgoblin.
You pierce the hobgoblin, but do no damage.
Your transformation is almost over.
You constrict the hobgoblin. The hobgoblin hits you.
* * * LOW HITPOINT WARNING * * *
You tentacle-slap the hobgoblin but do no damage.
The hobgoblin is lightly wounded.
You constrict the hobgoblin. The hobgoblin closely misses you.
You tentacle-slap the hobgoblin but do no damage.
You pierce the hobgoblin, but do no damage.
The hobgoblin is moderately wounded.
You constrict the hobgoblin, but do no damage.
You tentacle-slap the hobgoblin.
You kill the hobgoblin!
The hobgoblin no longer looks unusually strong.
You barely miss the hobgoblin. Your grab misses the hobgoblin.
The hobgoblin barely misses you.
You tentacle-slap the hobgoblin. You grab the hobgoblin.
You tentacle-slap the hobgoblin.
The hobgoblin is severely wounded.
You constrict the hobgoblin, but do no damage.
The hobgoblin hits you.
You die...

#.#.# #.#.# #)#.#
####...# ..###..#
#.# #..# #.# #>.#
#.# #..######
#.#####.###...g@..#
#...........#'###.#
#######.###.#)# #
.......<..###g#
.###....#.+ .g.
#.###### #.# #. #.#
# #+#


You could see a hobgoblin.

Vanquished Creatures
  Robin (D:2)
  A bat (D:1)
  An endoplasm (D:1)
  2 giant cockroaches (D:1)
  3 goblins (D:2)
  3 hobgoblins
  2 frilled lizards (D:1)
  2 rats (D:1)
15 creatures vanquished.

Notes
Turn   | Place    | Note
-------+----------+-------------------------------------------
     0 | D:1      | H0rd4k the Octopode Transmuter began the quest for the Orb.
     0 | D:1      | Reached XP level 1. HP: 13/13 MP: 3/3
   259 | D:1      | Found Ottademp's Armour Shop.
   454 | D:1      | Found a faded altar of an unknown god.
   584 | D:1      | Reached XP level 2. HP: 18/18 MP: 5/5
   918 | D:2      | Found Ownu's Weapon Shop.
   918 | D:2      | Noticed Robin
   923 | D:2      | Killed Robin
   924 | D:2      | Reached XP level 3. HP: 14/23 MP: 4/6
   936 | D:2      | Slain by a hobgoblin

Illustrated notes

Levels and vault maps discovered:
D:1:      dpeg_arrival_tiny_e, layout_basic,
          shapermc_ecumenical_altar_mp_ritualfount, serial_shops, shop
D:2:      layout_loops_ring, serial_shops, nicolae_shop_hallway_plus, shop,
          shop, basic_altar, uniq_robin, uniq_sigmund

Action                   || total
-------------------------++-------
Melee: Unarmed           ||    39
       Constrict         ||    11
       Punch             ||     3
       Tentacles         ||     3
       Kick              ||     5
 Cast: Beastly Appendage ||     1
 Stab: Sleeping          ||     3
Armor: Skin              ||     3
Dodge: Dodged            ||    15
